and, lawful female human Valkyrie ---------------- |..............| -------------- ------- |..............| |............| |(.....##### |..............| |............| |.....| # |..............| ########.............| ------- ### -------.-|------ # |............| # # # ### -------------- ### # # # # ### ### # # # # ### --------------- --------------- ### ## # |.............| |(............| # -----.--############-....<........| |.............| ###|.......# # |...%.........| |.............| #...)...| ### |.............| |...........I.| |(.(...| # |.............| |*......@I..I.-#%########|[...>..## --------------- --------------- #...[.... -------- and the Fighter Experience level: 8 Strength: 18/12 Dexterity: 14 Constitution: 18 Intelligence: 8 Wisdom: 7 Charisma: 12 Health: 0(82) Energy: 17(17) AC: 5 Gold: 0 Moves: 6052 Your Inventory: Amulets I - an [uncursed] hexagonal amulet [versus poison] Weapons a - a blessed +1 long sword (weapon in hand) k - a [cursed -1] knife p - an [uncursed +0] war hammer named Mjollnir [Mjollnir] J - 8 [cursed +0] darts Armor c - an uncursed +3 small shield (being worn) f - an [uncursed] +0 orcish helm (being worn) g - an [uncursed +0] dwarvish mithril-coat x - an [uncursed +0] pair of hiking boots [elven] D - an [uncursed +0] dwarvish cloak K - a [cursed -5] pair of mud boots [levitation] N - an [uncursed +0] elven mithril-coat Comestibles d - 4 uncursed food rations h - 2 [uncursed] lichen corpses A - 2 [uncursed] tripe rations M - an [uncursed] jackal corpse O - an [uncursed] partly eaten jackal corpse Scrolls o - an [uncursed] scroll labeled VAS CORP BET MANI [of light] q - 2 [uncursed] scrolls labeled FNORD [of teleportation] Y - an [uncursed] scroll labeled HZLRC KSTSBD MPFNG [of create monster] Potions e - an [uncursed] silver potion [of booze] m - an [uncursed] puce potion [of gain ability] Q - a [cursed] puce potion [of gain ability] S - an [uncursed] magenta potion [of healing] Z - an [uncursed] gooey potion [of extra healing] Tools j - an [uncursed tin] whistle T - an [uncursed] bag [sack] Contents of the sack: an [uncursed] scroll [of destroy armor] Spells known in the end: Name Level Category Fail Memory Your skills at the end: Fighting Skills Weapon Skills dagger [Basic / Expert] long sword [Basic / Expert] Spellcasting Skills Final Attributes: You were piously aligned. Hunger level was 916. Your alignment was 39 / 40. Monster difficulty range was 1 - 7. Level difficulty was 6. You were immune to cold. You resisted poison. You were blinded. You were stealthy. You were fast. You were lucky (1). You are dead. Vanquished creatures: 6 small mimics 2 brown puddings 2 snakes 3 apes 11 Mordor orcs 2 yellow lights a shrieker 2 ghouls a giant ant a little dog a floating eye 2 dwarves a homunculus 2 rabid rats a centipede a giant bat an orc zombie a wererat 2 werejackals 3 iguanas 2 killer bees a large kobold a hobgoblin 5 cave spiders a brown mold 2 green molds a red mold 3 gnomes 3 geckos 4 jackals a kobold 6 goblins 8 grid bugs 2 bats 5 lichens a kobold zombie 6 newts 98 creatures vanquished. Voluntary challenges: You were an atheist. You used a wielded weapon 102 times. You read items or engraved 21 times. You put on armor 2 times. You never genocided any monsters. You never polymorphed an object. You never changed form. You used no wishes. You wrote Elbereth's name 18 times. You never encountered a bones level. You never used any Sokoban shortcuts. Dungeon overview: The Dungeons of Doom: levels 1 to 7 Level 1 a long staircase Level 2 stairs to The Gnomish Mines Level 4 a general store Level 5 a fountain Level 6 <- You were here a general store The Gnomish Mines: Level 3 stairs to The Dungeons of Doom History has recorded: On T:1 you entered the Dungeons of Doom to retrieve the Amulet of Yendor! On T:92 you reached level 2 of The Dungeons of Doom. On T:600 you reached level 3 of The Dungeons of Doom. On T:695 you advanced to experience level 2. On T:787 you reached level 1 of The Gnomish Mines. On T:1119 you advanced to experience level 3. On T:1282 you advanced to experience level 4. On T:1443 you reached level 4 of The Dungeons of Doom. On T:1987 you advanced to experience level 5. On T:2312 you reached level 5 of The Dungeons of Doom. On T:3163 you advanced to experience level 6. On T:3265 you reached level 6 of The Dungeons of Doom. On T:3668 you reached level 7 of The Dungeons of Doom. On T:4305 you advanced to experience level 7. On T:5188 you advanced to experience level 8. Latest messages: You have a little trouble lifting k - a knife (unpaid, 4 zorkmids). [HP+1=52] [2 turns] The yellow light explodes! You are blinded by a blast of light! [HP+1=53] Wait! There's something there you can't see! It gets angry! You hear a nearby zap. The wand hits you! It bites! You hear a nearby zap. The wand hits you! [HP-26=27] [HP+1=28] You write "Elbereth" with your fingers into the dust. You hear a nearby zap. The wand hits you! [HP-13=15] You hear a nearby zap. The wand hits you! Valkyrie, all your powers will be lost... It hits! You die... Akalapi takes all your possessions. Final status: Farvel and the Valkyrie... You died in The Dungeons of Doom on dungeon level 6 with 4416 points, and 0 pieces of gold, after 6052 moves. You were level 8 with a maximum of 82 hit points when you died.